 Dungeon Crawl Stone Soup version 0.28-a0-1206-g193881aaa2 (webtiles) character file.

Game seed: 8031464659151468622

7 mcbry74 the Skirmisher (level 2, 0/26 HPs)
             Began as a Hill Orc Fighter on Dec 20, 2021.
             Engulfed by a cloud of flame (26 damage)
             ... on level 1 of the Dungeon.
             The game lasted 00:00:45 (496 turns).

mcbry74 the Skirmisher (Hill Orc Fighter)            Turns: 496, Time: 00:00:46

Health: 0/26       AC:  6    Str: 18    XL:     2   Next: 0%
Magic:  2/2        EV:  9    Int:  8    God:
Gold:   15         SH:  4    Dex: 10    Spells: 1/1 levels left

rFire   . . .      SeeInvis .   a - +0 war axe
rCold   . . .      Faith    .   c - +0 buckler
rNeg    . . .      Spirit   .   b - +0 scale mail
rPois   .          Reflect  .   (no helmet)
rElec   .          Harm     .   (no cloak)
rCorr   .          Rampage  .   (no gloves)
Will    .....                   (no boots)
Stlth   ..........              (no amulet)
HPRegen 0.08/turn               (no ring)
MPRegen 0.08/turn               (no ring)

@: no status effects
A: no striking features
a: no special abilities


You were on level 1 of the Dungeon.
You visited 1 branch of the dungeon, and saw 1 of its levels.

You collected 15 gold pieces.

Inventory:

Hand Weapons
 a - a +0 war axe (weapon)
Armour
 b - a +0 scale mail (worn)
 c - a +0 buckler (worn)
Scrolls
 g - a scroll of noise {unknown}
 h - a scroll of enchant weapon {unknown}
 j - a scroll of torment {unknown}
Potions
 d - a potion of might
 e - 3 potions of degeneration {unknown}
 f - 2 potions of magic {unknown}
 i - a potion of heal wounds {unknown}


   Skills:
 - Level 3.6 Fighting
 + Level 3.6 Axes
 - Level 3.2 Armour
 - Level 3.2 Shields


You had one spell level left.
You didn't know any spells.
Your spell library was empty.

Dungeon Overview and Level Annotations

Branches:
Dungeon (1/15)

Altars:


Message History

The endoplasm barely misses you.
You slash the endoplasm!
You kill the endoplasm!
No target in view!
Found a spear.
h - a scroll labelled USEWKAI TADDE A goblin comes into view.
It is wielding a +0 club.
The goblin shouts!
Found a scroll labelled GOSYEDGH ZYEC.
You block the goblin's attack.
Your scale mail prevents you from hitting the goblin.
You block the goblin's attack.
You closely miss the goblin. The goblin hits you with a +0 club.
The goblin barely misses you.
You hit the goblin.
The goblin is moderately wounded.
The goblin hits you with a +0 club.
You hit the goblin.
The goblin is heavily wounded.
The goblin hits you but does no damage.
You barely miss the goblin.
The goblin is heavily wounded.
The goblin hits you with a +0 club. You block the goblin's attack.
You hit the goblin.
You kill the goblin!
You have reached level 2!
You start resting.
HP restored.
Found a stone staircase leading down.
i - a sapphire potion
j - a scroll labelled GOSYEDGH ZYEC
Found 13 poisoned darts.
Really walk into a travel-excluded area? [Y]es or [N]o only, please.
Really walk into a travel-excluded area?
Okay, then.
Really walk into a travel-excluded area?
Found 13 gold pieces and a scimitar.
You are engulfed in blazing flames.
Ouch! That really hurt!
You die...

........# #.......# # #.....
#.......# §# #..... ........#
§§# #.....
........#####...#####..#..
.........☼.§..$)..§☼......
.........§°§.(....§☼......
#>..........@.§...$. §☼......
#...#......#####...# #....†
##...#......# # #.....
#.....#.....# # #.....
#.....#.....# #§§ #.....
#.....#####.# ###...#####.....
#.....##....###....#......#...
#..................###........
#...................#.........


There were no monsters in sight!

Vanquished Creatures
  2 endoplasms (D:1)
  A giant cockroach (D:1)
  A goblin (D:1)
  A ball python (D:1)
  A rat (D:1)
6 creatures vanquished.

Notes
Turn   | Place    | Note
-------+----------+-------------------------------------------
     0 | D:1      | mcbry74 the Hill Orc Fighter began the quest for the Orb.
     0 | D:1      | Reached XP level 1. HP: 19/19 MP: 1/1
   319 | D:1      | Reached XP level 2. HP: 15/26 MP: 2/2
   496 | D:1      | Engulfed by a cloud of flame

Illustrated notes

Levels and vault maps discovered:
D:1:      minmay_arrival_wavy_path, layout_basic,
          shapermc_ecumenical_altar_totnotflames, lemuel_flame_loot_1

Skill      XL: |  1 |
---------------+----+-----
Axes           | 3 |  3.6
Fighting       | |  3.6
Armour         | |  3.2
Shields        | |  3.2

Action                   || total
-------------------------++-------
Melee: War axe           ||    15
Armor: Scale mail        ||     5
Dodge: Dodged            ||     3
Block: Buckler           ||     4

Table legend: (Time is in decaauts)
 A = Elapsed time spent in this place.
 B = Non-inter-level travel time spent in this place.
 C = Inter-level travel time spent in this place.
 D = Time resting spent in this place.
 E = Time spent auto-exploring this place.
 F = Levels seen in this place.
 G = Mean time per level.
                   A        B        C        D        E       F      G
               +--------+--------+--------+--------+--------+-----+--------+
         Total |    501 |    501 |      0 |    129 |    318 |   1 |  501.0 |
       Dungeon |    501 |    501 |      0 |    129 |    318 |   1 |  501.0 |
               +--------+--------+--------+--------+--------+-----+--------+

Top non-repeatable levels by time:
     D:1: 501 daAuts
